 Dungeon Crawl Stone Soup version 0.28-a0-828-g0121872642 (webtiles) character file.

Game seed: 11233111508586483236

21824 ytrimaz the Summoner (level 12, 0/100 HPs)
             Began as a Demigod Summoner on Nov 10, 2021.
             Slain by a meliai (9 damage)
             ... on level 13 of the Dungeon.
             The game lasted 00:44:32 (15893 turns).

ytrimaz the Summoner (Demigod Summoner)            Turns: 15893, Time: 00:44:33

Health: 0/100      AC: 13    Str:  9    XL:     12   Next: 26%
Magic:  20/29      EV: 15    Int: 35    God:
Gold:   730        SH:  0    Dex: 16    Spells: 15/28 levels left

rFire   . . .      SeeInvis .   p - +9 halberd of the Blowfly {vamp, rN+}
rCold   + . .      Faith    .   (shield currently unavailable)
rNeg    + . .      Spirit   .   J - +3 troll leather armour {Snorg}
rPois   +          Reflect  .   a - +0 helmet
rElec   +          Harm     .   K - +2 cloak
rCorr   +          Rampage  .   E - +0 pair of gloves
Will    ++...                   f - +0 pair of boots
Stlth   ++........              d - amulet "Zaad" {RegenMP rPois Regen+}
HPRegen 2.26/turn               o - ring of Osubb {rElec rC+ Will+ Int+2 Dex+2}
MPRegen 0.46/turn               D - ring of resist corrosion

@: marked
A: high mp 1, forlorn
a: no special abilities


You were on level 13 of the Dungeon.
You visited 1 branch of the dungeon, and saw 13 of its levels.
You also visited: Bailey.

You collected 1504 gold pieces.
You spent 774 gold pieces at shops.

Inventory:

Hand Weapons
 k - a +1 rapier of electrocution
 m - the +3 rapier of Amorality {vorpal, Fragile rPois Int+4}
   (You found it on level 7 of the Dungeon)

   It inflicts extra damage upon your enemies.
   Int:       It affects your intelligence (+4).
   rPois:     It protects you from poison.
   Fragile:   It will be destroyed if unequipped.
 p - the +9 halberd of the Blowfly (weapon) {vamp, rN+}
   (You bought it in a shop on level 5 of the Dungeon)

   It occasionally heals its wielder for a portion of the damage dealt when it
   wounds a living foe.
   rN:        It protects you from negative energy.
Armour
 a - a +0 helmet (worn)
 c - a +3 leather armour of willpower
 f - a +0 pair of boots (worn)
 E - a +0 pair of gloves (worn)
 J - a +3 troll leather armour (worn) {Snorg}
 K - a +2 cloak (worn)
Jewellery
 d - the amulet "Zaad" (around neck) {RegenMP rPois Regen+}
   (You bought it in a shop on level 2 of the Dungeon)

   [amulet of magic regeneration]

   It increases your rate of magic regeneration.
   rPois:     It protects you from poison.
   Regen:     It increases your rate of health regeneration.
 o - the ring of Osubb (left hand) {rElec rC+ Will+ Int+2 Dex+2}
   (You bought it in a shop on level 5 of the Dungeon)

   [ring of willpower]

   Int:       It affects your intelligence (+2).
   Dex:       It affects your dexterity (+2).
   rC:        It protects you from cold.
   rElec:     It insulates you from electricity.
   Will:      It increases your willpower.
 A - a ring of protection from fire
 D - a ring of resist corrosion (right hand)
 F - a ring of positive energy
 I - a ring of ice
Wands
 e - a wand of iceblast (24)
 y - a wand of polymorph (21)
 C - a wand of flame (33)
Scrolls
 b - a scroll of amnesia
 j - a scroll of enchant armour
 n - 3 scrolls of teleportation
 s - a scroll of silence
 t - 2 scrolls of fear
 u - 2 scrolls of fog
 x - 2 scrolls of summoning
 z - 4 scrolls of enchant weapon
 B - 2 scrolls of magic mapping
 G - 4 scrolls of identify
Potions
 g - 3 potions of heal wounds
 h - 5 potions of curing
 i - a potion of attraction
 l - 2 potions of magic
 q - 3 potions of brilliance
 r - a potion of resistance
 v - a potion of flight
 w - a potion of berserk rage
 H - a potion of might


   Skills:
 * Level 7.3 Fighting
 - Level 0.1 Short Blades
 * Level 7.8 Polearms
 * Level 1.0 Armour
 - Level 7.7 Dodging
 - Level 1.7 Stealth
 + Level 8.7 Spellcasting
 * Level 1.1 Conjurations
 - Level 9.0 Summonings
 * Level 7.5 Air Magic


You had 15 spell levels left.
You knew the following spells:

 Your Spells              Type           Power      Damage    Failure   Level
a - Call Imp              Summ           67%        N/A       1%          2
b - Call Canine Familiar  Summ           67%        N/A       1%          3
c - Summon Lightning Spi  Summ/Air       65%        N/A       1%          4
d - Hailstorm             Conj/Ice       19%        3d6       30%         4

Your spell library contained the following spells:

 Spells                   Type           Power      Damage    Failure   Level
 Summon Small Mammal      Summ           100%       N/A       1%          1
 Corpse Rot               Necr/Air       82%        N/A       1%          2
 Poisonous Vapours        Pois/Air       82%        N/A       1%          2
 Summon Guardian Golem    Hex/Summ       46%        N/A       1%          3
 Airstrike                Air            31%        N/A       1%          4
 Animate Skeleton         Necr           30%        N/A       3%          1
 Beastly Appendage        Tmut           30%        N/A       3%          1
 Freeze                   Ice            60%        1d8       3%          1
 Pain                     Necr           60%        1d7       3%          1
 Ensorcelled Hibernation  Hex/Ice        30%        N/A       6%          2
 Sublimation of Blood     Necr           15%        N/A       6%          2
 Wereblood                Tmut           15%        N/A       6%          2
 Frozen Ramparts          Ice            30%        1d5       12%         3
 Portal Projectile        Hex/Tloc       30%        N/A       12%         3
 Spider Form              Tmut/Pois      15%        N/A       12%         3
 Tukima's Dance           Hex            15%        N/A       12%         3
 Vampiric Draining        Necr           15%        2d7       12%         3
 Lightning Bolt           Conj/Air       22%        1d38      19%         5
 Petrify                  Tmut/Erth      15%        N/A       36%         4
 Irradiate                Conj/Tmut      9%         3d16      63%         5
 Blade Hands              Tmut           7%         N/A       71%         5
 Excruciating Wounds      Necr           7%         N/A       71%         5
 Dragon Form              Tmut           7%         N/A       100%        7


Dungeon Overview and Level Annotations

Branches:
Dungeon (13/15)            Temple (0/1) D:7            Lair (0/6) D:10
    Orc (0/2) D:10         Bailey (visited)
 Vaults: D:13-14

Shops:
D:2 =!!=:   D:5 *

Portals:
Trove: D:12 (give +6 demon whip)

Annotations:
D:9 3 runed translucent doors, exclusion: ice statue


Innate Abilities, Weirdness & Mutations

Your attributes grow dramatically as you level up.
You have an increased reservoir of magic. (+10% MP)
You shall have no god before yourself.


Message History

The tengu warrior hits your lightning spire but does no damage.
The tengu warrior pecks your lightning spire but does no damage.
The tengu warrior claws your lightning spire.
Your lightning spire shoots out a bolt of lightning at the centaur warrior!
The bolt of electricity hits the centaur warrior!
The centaur warrior dies!
Casting: Summon Lightning Spire (mildly dangerous; 1% risk of failure)
Confirm with . or Enter, or press ? or * to list all spells.
The meliai mumbles some strange prayers to its god against you.
Something smites you!
A shadow comes into view.
The meliai mumbles some strange prayers to its god against you.
Something smites you!
The tengu warrior hits your lightning spire with a +0 long sword!
The tengu warrior pecks your lightning spire but does no damage.
The tengu warrior claws your lightning spire but does no damage.
Your lightning spire shoots out a bolt of lightning at the tengu warrior!
The bolt of electricity hits the tengu warrior!
The tengu warrior dies!
Your Armour skill increases to level 1!
Your Conjurations skill increases to level 1!
Casting: Call Canine Familiar (safe; 1% risk of failure)
Confirm with . or Enter, or press ? or * to list all spells.
An electric hum fills the air.
Your lightning spire disappears in a puff of smoke!
The meliai closely misses you. The meliai stings you.
A wraith comes into view.
A troll comes into view.
The meliai mumbles some strange prayers to its god against you.
Something smites you!
* * * LOW HITPOINT WARNING * * *
Casting: Summon Lightning Spire (mildly dangerous; 1% risk of failure)
Confirm with . or Enter, or press ? or * to list all spells.
A beastly little devil appears in a puff of flame.
The meliai hits you with a +0 long sword.
* * * LOW HITPOINT WARNING * * *
The meliai closely misses you.
The meliai hits you with a +0 long sword!
* * * LOW HITPOINT WARNING * * *
The meliai stings you!
You die...

#..♣...♣. #c........ .
##..♣...♣..# ..######
##..........# ......#
#....♣...♣..#
.....####))........###
♣....8T§..♣...♣..... ..
♣.yh....§........... ...P♣P
♣♣♣♣..@.5....♣...♣.....
...PPP♣♣.PP...................
....................♣...♣.....
..............................
....................♣...♣.....
♣.P.P...P......>..............
♣.P.....♣PW.........♣...♣.....
......"...P...................
......⌠...P.........♣...♣.....


You could see a troll (ally target), a wraith, a meliai (ally target), a
friendly warg (summoned), a friendly lightning spire (summoned) and a friendly
crimson imp (summoned).

Vanquished Creatures
  Snorg (D:12)
  A two-headed ogre (D:7)
  A death yak (D:10)
  Joseph (D:10)
  A yaktaur (D:13)
  A slime creature (D:12)
  A raiju (shapeshifter) (D:13)
  Prince Ribbit (D:6)
  A wyvern (D:10)
  A wraith (D:13)
  Eustachio (D:4)
  2 yaks (D:9)
  A vampire mosquito (D:12)
  A water moccasin (D:7)
  A sky beast (D:6)
  2 orc warriors (Bailey)
  A black bear (D:5)
  A wolf (D:10)
  An ogre (D:5)
  A phantom (D:7)
  A bullfrog (D:8)
  4 killer bees (D:7)
  2 howler monkeys
  An electric eel (D:13)
  A centaur zombie (D:10)
  A jelly (D:7)
  2 orc priests (D:10)
  A bullfrog skeleton (D:7)
  An iguana (D:5)
  2 orc wizards
  A worm (D:4)
  A dart slug (D:4)
  17 orcs
  A ball python (D:4)
  2 endoplasms
  2 hobgoblins
  A quokka (D:1)
  A bat (D:2)
  4 kobolds
68 creatures vanquished.

Vanquished Creatures (collateral kills)
  2 hydras
  A boulder beetle (D:12)
  A centaur warrior (D:13)
  A two-headed ogre (D:11)
  A tengu warrior (D:13)
  2 death yaks (D:10)
  An orc knight (Bailey)
  Pikel (D:9)
  A cyclops (D:11)
  2 ugly things
  A manticore (D:11)
  A gargoyle (D:10)
  3 kobold demonologists
  An unseen horror (D:10)
  A tengu conjurer (D:12)
  2 trolls
  A meliai (shapeshifter) (D:13)
  3 slime creatures (D:12)
  3 wraiths
  8 yaks
  A wyvern (D:9)
  Grum (D:10)
  4 vampire mosquitoes
  Edmund (D:4)
  2 acid dragons
  15 orc warriors
  2 sky beasts
  A black bear (D:4)
  An ogre (D:3)
  A necrophage (D:6)
  3 wolves (D:10)
  2 centaurs
  2 lemures (D:9)
  4 kobold brigands
  A gnoll sergeant (D:10)
  2 bullfrogs (D:8)
  2 killer bees (D:7)
  A jelly (D:4)
  8 wights
  6 howler monkeys
  A bullfrog zombie (D:5)
  A centaur zombie (D:9)
  2 hounds (D:7)
  4 orc priests
  A centaur skeleton (D:6)
  7 orc wizards
  A killer bee zombie (D:9)
  A hound zombie (D:5)
  4 gnolls (D:10)
  A howler monkey skeleton (D:4)
  8 adders
  A shadow imp (D:6)
  A white imp (D:8)
  2 ufetubi
  2 worms (D:2)
  A dart slug (D:3)
  40 orcs
  4 bats
  5 endoplasms
  6 giant cockroaches
  10 goblins
  5 hobgoblins
  3 jackals (D:3)
  A quokka (D:1)
  7 ball pythons
  10 frilled lizards
  15 kobolds
  11 rats
252 creatures vanquished.

Vanquished Creatures (others)
  56 plants
56 creatures vanquished.

Grand Total: 376 creatures vanquished

Notes
Turn   | Place    | Note
-------+----------+-------------------------------------------
     0 | D:1      | ytrimaz the Demigod Summoner began the quest for the Orb.
     0 | D:1      | Reached XP level 1. HP: 14/14 MP: 5/5
   718 | D:1      | Reached XP level 2. HP: 20/20 MP: 4/7
   884 | D:1      | Reached skill level 4 in Summonings
  1724 | D:2      | Found Oqott's Jewellery Emporium.
  2257 | D:2      | Reached XP level 3. HP: 27/27 MP: 5/8
  2278 | D:2      | Learned a level 3 spell: Call Canine Familiar
  2575 | D:2      | Found Potuet's Distillery.
  2727 | D:2      | Found Adaozxay's Distillery.
  2929 | D:2      | Reached skill level 1 in Fighting
  3112 | D:2      | Found Laud's Book Emporium.
  3299 | D:2      | Learned a level 2 spell: Call Imp
  3417 | D:2      | Found Komihet's Jewellery Shoppe.
  3748 | D:3      | Reached XP level 4. HP: 35/35 MP: 7/10
  4117 | D:3      | Noticed an ogre
  4134 | D:3      | Killed an ogre
  4135 | D:3      | Reached XP level 5. HP: 40/40 MP: 1/12
  4658 | D:4      | Noticed a black bear
  4712 | D:4      | Noticed Edmund
  4867 | D:4      | Killed a black bear
  4884 | D:4      | Killed Edmund
  4885 | D:4      | Reached skill level 5 in Summonings
  4885 | D:4      | Reached XP level 6. HP: 3/48 MP: 1/14
  5411 | D:4      | Identified a scroll of acquirement
  5411 | D:4      | Acquired 820 gold pieces
  5497 | D:2      | Bought the amulet "Zaad" {RegenMP rPois Regen+} for 494
                  | gold pieces
  5626 | D:4      | Noticed Eustachio
  5923 | D:4      | Killed Eustachio
  5924 | D:4      | Reached XP level 7. HP: 35/56 MP: 6/16
  6202 | D:5      | Entered Level 5 of the Dungeon
  6284 | D:5      | Learned a level 4 spell: Summon Lightning Spire
  6549 | D:5      | Reached skill level 1 in Air Magic
  6610 | D:5      | Found Leirhof's Assorted Antiques.
  6831 | D:5      | Bought a brightly glowing platinum ring for 100 gold pieces
  6831 | D:5      | Identified the ring of Osubb {rElec rC+ Will+ Int+2 Dex+2}
                  | (You bought it in a shop on level 5 of the Dungeon)
  6831 | D:5      | Bought a jewelled halberd for 180 gold pieces
  6831 | D:5      | Identified the +9 halberd of the Blowfly {vamp, rN+} (You
                  | bought it in a shop on level 5 of the Dungeon)
  7234 | D:6      | Reached skill level 6 in Summonings
  7274 | D:6      | Reached XP level 8. HP: 63/63 MP: 16/18
  7570 | D:6      | Noticed Prince Ribbit
  7578 | D:6      | Killed Prince Ribbit
  7579 | D:6      | Reached skill level 1 in Polearms
  7579 | D:6      | Reached skill level 5 in Spellcasting
  8034 | D:7      | Identified the +3 rapier of Amorality {vorpal, Fragile
                  | rPois Int+4}
  8074 | D:7      | Noticed a two-headed ogre
  8140 | D:7      | Killed a two-headed ogre
  8255 | D:7      | Reached XP level 9. HP: 71/71 MP: 21/21
  8270 | D:7      | Identified the +8 hunting sling "Juraj" {flame, rCorr}
  8317 | D:7      | Found a staircase to the Ecumenical Temple.
  8690 | D:7      | Reached skill level 5 in Dodging
  8992 | D:8      | Reached skill level 7 in Summonings
  9060 | D:8      | Found a flagged portal.
  9090 | Bailey   | Entered a bailey
  9914 | Bailey   | Reached skill level 5 in Fighting
  9976 | Bailey   | Noticed an orc knight
  9982 | Bailey   | Killed an orc knight
  9983 | Bailey   | Reached XP level 10. HP: 81/81 MP: 19/23
  9986 | Bailey   | Reached skill level 5 in Polearms
 11320 | D:9      | Noticed a white ugly thing
 11333 | D:9      | Killed a white ugly thing
 11454 | D:9      | Reached skill level 5 in Air Magic
 11462 | D:9      | Reached skill level 8 in Summonings
 11667 | D:9      | Found a runed translucent door.
 11679 | D:9      | Found a runed translucent door.
 11696 | D:9      | Found a runed translucent door.
 11708 | D:9      | Found a runed translucent door.
 11819 | D:9      | Noticed Pikel
 11832 | D:9      | Killed Pikel
 12119 | D:9      | Noticed an ice statue
 12532 | D:10     | Entered Level 10 of the Dungeon
 12561 | D:10     | Noticed a death yak
 12563 | D:10     | Noticed a death yak
 12563 | D:10     | Noticed a death yak
 12749 | D:10     | Noticed Joseph
 12766 | D:10     | Killed Joseph
 12767 | D:10     | Reached XP level 11. HP: 72/89 MP: 16/26
 12834 | D:10     | Found a staircase to the Lair.
 12891 | D:10     | Killed a death yak
 12914 | D:10     | Killed a death yak
 12917 | D:10     | Killed a death yak
 13104 | D:10     | Noticed Grum
 13140 | D:10     | Killed Grum
 13267 | D:10     | Found a staircase to the Orcish Mines.
 13821 | D:11     | Noticed a two-headed ogre
 13830 | D:11     | Killed a two-headed ogre
 14147 | D:11     | Noticed a four-headed hydra
 14168 | D:11     | Killed a five-headed hydra
 14256 | D:12     | Reached skill level 9 in Summonings
 14368 | D:12     | Noticed Snorg
 14398 | D:12     | Killed Snorg
 14528 | D:12     | Noticed a boulder beetle
 14545 | D:12     | Killed a boulder beetle
 14725 | D:12     | Noticed a seven-headed hydra
 14739 | D:12     | Killed a seven-headed hydra
 15004 | D:12     | Reached XP level 12. HP: 96/100 MP: 24/28
 15200 | D:12     | Found a portal to a secret trove of treasure.
 15667 | D:13     | Learned a level 4 spell: Hailstorm
 15874 | D:13     | Noticed a centaur warrior
 15888 | D:13     | HP: 2/100 [meliai/divine providence (16)]
 15890 | D:13     | Killed a centaur warrior
 15892 | D:13     | Reached skill level 1 in Armour
 15892 | D:13     | Reached skill level 1 in Conjurations
 15893 | D:13     | Slain by a meliai

Illustrated notes

Levels and vault maps discovered:
D:1:      lemuel_arrival_room, layout_basic, chequers_big_river
D:2:      layout_loops_cross, serial_shops, shop, nicolae_shop_waterfront, shop,
          shop_coins, shop, minmay_lizard_king
D:3:      layout_basic
D:4:      layout_gridville, grunt_decor_mini_mirrors, uniq_eustachio,
          uniq_edmund
D:5:      layout_basic, serial_bayou, serial_bayou_lake_a, serial_bayou_shore_a,
          serial_bayou_lagoon_a, serial_bayou_pond_e, serial_bayou_pond_c,
          serial_shops, nicolae_shop_waterfront
D:6:      layout_gridville, mainiacjoe_overflow_boulevard,
          minmay_misc_feat_square, uniq_prince_ribbit1
D:7:      layout_loops_ring, minmay_temple_entry_proselytizer,
          serial_bayou_pond_a, solitary_fountain
D:8:      layout_basic, enter_bailey_3
D:9:      layout_loops_cross, minmay_statue_crystal_thing, uniq_gastronok,
          uniq_pikel
D:10:     layout_irregular_city, dpeg_lair_monsters, david_orc_5,
          grunt_decor_clamped, uniq_grum, uniq_joseph
D:11:     layout_rooms
D:12:     layout_layer_cave, nicolae_trove_entry_crossroad,
          nicolae_dithmenos_through_a_glass_darkly, uniq_snorg
D:13:     layout_cross, david_vaults_4, serial_park, serial_park_paths
          [serial_park_minivault_5x5_5], serial_park_tiny_pond,
          serial_park_avenue1, serial_park_square3
          [serial_park_minivault_5x5_7], minmay_fractal_squares_5

Skill      XL: |  1  2  3  4  5  6  7  8  9 10 11 12 |
---------------+-------------------------------------+-----
Spellcasting   | 2 3 4 5 6 7 8 |  8.7
Summonings     | 4 5 6 7 8 9 |  9.0
Dodging        | 2 3 4 5 6 7 |  7.7
Fighting       | 1 2 3 4 5 6 7 |  7.3
Air Magic      | 1 3 4 5 7 |  7.5
Polearms       | 2 4 5 7 |  7.8
Armour         | 1 |  1.0
Conjurations   | 1 |  1.1
Short Blades   | |  0.1
Stealth        | |  1.7

Action                   |  1- 3 |  4- 6 |  7- 9 | 10-12 || total
-------------------------+-------+-------+-------+-------++-------
Melee: Mace              |     3 |       |       |       ||     3
       Unarmed           |    32 |       |       |       ||    32
       Dagger            |    23 |    74 |       |       ||    97
       Rapier            |       |       |    42 |       ||    42
       Halberd           |       |       |    91 |   137 ||   228
 Cast: Summon Small Mamm |    80 |       |       |       ||    80
       Call Canine Famil |     6 |    19 |    31 |    37 ||    93
       Call Imp          |     5 |    23 |     7 |     5 ||    40
       Summon Lightning  |       |       |    40 |    84 ||   124
Evoke: Wand              |       |     2 |       |       ||     2
  Use: Scroll            |     3 |     6 |     8 |     8 ||    25
       Potion            |     1 |       |     1 |     2 ||     4
 Stab: Sleeping          |     1 |       |     3 |       ||     4
       Distracted        |       |       |     5 |       ||     5
Armor: Robe              |    30 |    15 |       |       ||    45
       Skin              |     2 |       |       |       ||     2
       Leather armour    |       |    32 |    58 |    51 ||   141
       Troll leather arm |       |       |       |    25 ||    25
Dodge: Dodged            |    64 |    93 |   172 |   177 ||   506

Table legend: (Time is in decaauts)
 A = Elapsed time spent in this place.
 B = Non-inter-level travel time spent in this place.
 C = Inter-level travel time spent in this place.
 D = Time resting spent in this place.
 E = Time spent auto-exploring this place.
 F = Levels seen in this place.
 G = Mean time per level.
                   A        B        C        D        E       F      G
               +--------+--------+--------+--------+--------+-----+--------+
         Total |  16083 |  15362 |    721 |   2575 |   8875 |  14 | 1148.8 |
       Dungeon |  15020 |  14299 |    721 |   2080 |   8672 |  13 | 1155.4 |
        Bailey |   1062 |   1062 |      0 |    495 |    203 |   1 | 1062.0 |
               +--------+--------+--------+--------+--------+-----+--------+

Top non-repeatable levels by time:
     D:3: 1893 daAuts
     D:2: 1765 daAuts
     D:1: 1734 daAuts
     D:9: 1565 daAuts
    D:12: 1442 daAuts
    D:10: 1220 daAuts
     D:8: 1092 daAuts
  Bailey: 1062 daAuts
     D:6: 962 daAuts
     D:5: 948 daAuts
     D:7: 871 daAuts
     D:4: 826 daAuts
    D:11: 456 daAuts
    D:13: 241 daAuts
